 Dungeon Crawl Stone Soup version 0.23.1 (webtiles) character file.

Game seed: 5302750617671500688

10703 Kisielow the Basher (level 11, 0/71 HPs)
             Began as a Gargoyle Fighter on Mar 12, 2019.
             Was a Priest of Qazlal.
             Killed from afar by a starcursed mass (7 damage)
             ... with an accursed screaming
             ... on level 1 of the Abyss.
             The game lasted 00:27:26 (11195 turns).

Kisielow the Basher (Gargoyle Fighter)             Turns: 11195, Time: 00:27:27

Health: 0/71       AC: 30    Str: 22    XL:     11   Next: 66%
Magic:  11/11      EV:  4    Int: 10    God:    Qazlal [***...]
Gold:   547        SH: 23    Dex:  9    Spells: 10/10 levels left

rFire    . . .     SeeInvis .   y - +1 flail (venom)
rCold    . . .     Gourm    .   p - +2 large shield
rNeg     + . .     Faith    .   z - +0 plate armour
rPois    ∞         Spirit   .   l - +0 helmet
rElec    +         Reflect  .   t - +2 cloak
rCorr    .         Harm     .   (no gloves)
MR       .....                  (no boots)
Stlth    ..........             (no amulet)
HPRegen  0.21/turn              m - +3 ring of protection
MPRegen  0.12/turn              d - +3 ring of slaying

@: studying Invocations
A: negative energy resistance 1, electricity resistance, unbreathing,
petrification resistance, rot immunity, AC +8
a: Upheaval, Elemental Force, Renounce Religion


You were on level 1 of the Abyss.
You worshipped Qazlal.
Qazlal was most pleased with you.
You were near starving.

You visited 2 branches of the dungeon, and saw 12 of its levels.
You visited the Abyss 1 time.

You collected 547 gold pieces.

Inventory:

Hand Weapons
 i - a +3 whip of holy wrath
 y - a +1 flail of venom (weapon)
 E - the +10 rapier "Ewnukei" {venom, rPois MR+}
   (You found it on level 10 of the Dungeon)

   It poisons the flesh of those it strikes.
   It protects you from poison.
   It affects your resistance to hostile enchantments.
Armour
 l - a +0 helmet (worn)
 p - a +2 large shield (worn)
 t - a +2 cloak (worn)
 z - a +0 plate armour (worn)
Jewellery
 d - a +3 ring of slaying (right hand)
 m - a +3 ring of protection (left hand)
 q - an uncursed ring of wizardry
 s - an uncursed ring of protection from magic
 C - an uncursed ring of protection from cold
Wands
 v - a wand of acid (7)
 B - a wand of random effects (20)
Scrolls
 c - 2 scrolls of amnesia
 e - 7 scrolls of identify
 g - 5 scrolls of magic mapping
 j - 7 scrolls of fog
 r - a scroll of teleportation
 u - 6 scrolls of remove curse
Potions
 a - 4 potions of curing
 b - a potion of invisibility
 h - 2 potions of heal wounds
 k - a potion of flight
 n - 2 potions of resistance
 o - 2 potions of brilliance
 w - a potion of berserk rage
 x - a potion of ambrosia {unknown}
 D - a potion of cancellation {unknown}
Books
 A - a manual of Invocations
Comestibles
 f - 21 rations


   Skills:
 + Level 9.3 Fighting
 * Level 11.8 Maces & Flails
 + Level 9.4 Armour
 + Level 9.3 Shields


You had 10 spell levels left.
You didn't know any spells.
Your spell library contained the following spells:

 Spells                   Type           Power        Failure   Level  Hunger
 Animate Skeleton         Necr           N/A          100%        1    ##.....
 Apportation              Tloc           #.....       100%        1    ##.....
 Confusing Touch          Hex            #.....       100%        1    ##.....
 Shock                    Conj/Air       #...         100%        1    ##.....
 Summon Small Mammal      Summ           #...         100%        1    ##.....
 Swiftness                Chrm/Air       #.......     100%        2    ###....
 Confuse                  Hex            #.......     100%        3    ####...
 Gell's Gravitas          Tloc           #.........   100%        3    ####...
 Static Discharge         Conj/Air       #.......     100%        3    ####...
 Airstrike                Air            #.........   100%        4    #####..
 Petrify                  Tmut/Erth      #.......     100%        4    #####..
 Lightning Bolt           Conj/Air       #.........   100%        5    ######.
 Metabolic Englaciation   Hex/Ice        #.........   100%        5    ######.
 Yara's Violent Unravell  Hex/Tmut       #.........   100%        5    ######.


Dungeon Overview and Level Annotations

Branches:
Dungeon (11/15)            Temple (1/1) D:7            Lair (0/6) D:11
    Orc (0/2) D:10

Altars:
Ashenzari
Cheibriados
Dithmenos
Elyvilon
Fedhas
Gozag
Hepliaklqana
Kikubaaqudgha
Makhleb
Nemelex Xobeh
Okawaru
Qazlal
Ru
Sif Muna
Trog
Uskayaw
Vehumet
Wu Jian
Xom
Yredelemnul
Zin
The Shining One

Shops:
D:11 [

Annotations:
D:11 Erolcha


Innate Abilities, Weirdness & Mutations

You are resistant to torment.
Your stone body is resilient. (AC +8)
You are immune to poison.
You resist negative energy. (rN+)
You are resistant to electric shocks. (rElec)
You can survive without breathing.
You are immune to petrification.
You are immune to rotting.


Message History

A starcursed mass splits.
The ufetubus hits you but does no damage.
You block the ufetubus's attack.
The ynoxinul gestures.
You block the ufetubus's attack. x2
You are near starving!
The starcursed mass shrieks in your mind.
* * * LOW HITPOINT WARNING * * *
A chorus of shrieks assaults your mind.
* * * LOW HITPOINT WARNING * * *
The starcursed mass shrieks in your mind.
* * * LOW HITPOINT WARNING * * *
A starcursed mass splits.
The ynoxinul gestures.
A sixfirhy comes into view.
You block the ufetubus's attack.
The ufetubus hits you but does no damage. x2
You block the ufetubus's attack. A chorus of shrieks assaults your mind.
You die...

#### .#.# ...###
..... .. ## ...
....##.#.# §..3..@.#
#....##○## ## .##
###5.# . ##.#
..#.....#...... ###
## ##..#..####XX. .
. ... .##3.X.. #.##
.#.#..#3....####.#
#.##. #...
#.#.#.X..#.#
.##5#X###...X.#.#..#


You could see 2 starcursed masses, a sixfirhy and an ufetubus.

Vanquished Creatures
  Gastronok (D:8)
  Harold (D:7)
  An ugly thing (D:11)
  A black mamba (shapeshifter) (D:10)
  A troll (D:10)
  Prince Ribbit (D:7)
  2 hornets (D:9)
  2 hippogriffs
  A vampire (D:10)
  2 wraiths
  A human (D:10)
  Grum (D:7)
  A hungry ghost (D:10)
  3 black bears
  3 ice beasts
  4 orc warriors
  A sky beast (D:7)
  4 phantoms
  2 wolves
  6 ogres
  4 centaurs
  2 big kobolds (D:7)
  8 bullfrogs
  A wyvern zombie (D:7)
  A scorpion (D:10)
  4 killer bees
  9 wights
  A bullfrog zombie (D:3)
  2 howler monkeys (D:10)
  9 crimson imps
  2 quasits (D:8)
  7 hounds
  3 jellies
  12 orc priests
  A bullfrog skeleton (D:5)
  4 iguanas
  10 orc wizards
  8 worker ants
  2 killer bee zombies
  A hound zombie (D:7)
  A hound skeleton (D:5)
  A worker ant zombie (D:9)
  11 adders
  3 gnolls (D:5)
  3 shadow imps
  2 oozes
  An adder zombie (D:9)
  3 worms
  3 dart slugs
  5 leopard geckos
  55 orcs
  A bat zombie (D:8)
  7 giant cockroaches
  8 hobgoblins
  7 jackals
  20 kobolds
  6 quokkas
  2 ball pythons
  8 bats
  2 frilled lizards (D:5)
  6 goblins
  A leopard gecko zombie (D:7)
  10 rats
  2 rat zombies (D:8)
298 creatures vanquished.

Vanquished Creatures (others)
  A plant (D:3)
1 creature vanquished.

Grand Total: 299 creatures vanquished

Notes
Turn   | Place    | Note
-------+----------+-------------------------------------------
     0 | D:1      | Kisielow the Gargoyle Fighter began the quest for the Orb.
     0 | D:1      | Reached XP level 1. HP: 14/14 MP: 1/1
   118 | D:1      | Reached XP level 2. HP: 19/19 MP: 2/2
   175 | D:1      | Reached skill level 3 in Maces & Flails
   398 | D:1      | Reached XP level 3. HP: 23/23 MP: 3/3
  1538 | D:2      | Reached skill level 4 in Maces & Flails
  1538 | D:2      | Reached XP level 4. HP: 25/28 MP: 4/4
  2532 | D:3      | Reached XP level 5. HP: 32/32 MP: 5/5
  2965 | D:3      | Reached skill level 5 in Maces & Flails
  3667 | D:5      | Entered Level 5 of the Dungeon
  3667 | D:5      | Noticed a centaur
  3674 | D:5      | Killed a centaur
  3674 | D:5      | Reached XP level 6. HP: 38/38 MP: 6/6
  3712 | D:5      | Noticed an ice beast
  3731 | D:5      | Killed an ice beast
  3731 | D:5      | Reached XP level 7. HP: 43/44 MP: 7/7
  4218 | D:5      | Reached skill level 6 in Maces & Flails
  4693 | D:5      | Reached skill level 5 in Armour
  4709 | D:5      | Reached skill level 5 in Fighting
  4709 | D:5      | Reached skill level 5 in Shields
  4709 | D:5      | Reached XP level 8. HP: 39/49 MP: 8/8
  4742 | D:6      | Found an ornate altar of the Wu Jian Council.
  4757 | D:6      | You fall through a shaft for 2 floors!
  4757 | D:8      | Found a sacrificial altar of Ru.
  4785 | D:8      | Reached skill level 7 in Maces & Flails
  5134 | D:7      | Found a hazy altar of Hepliaklqana.
  5201 | D:6      | Found a burning altar of Makhleb.
  5447 | D:6      | Found an opulent altar of Gozag.
  5576 | D:6      | Found a snail-covered altar of Cheibriados.
  5697 | D:6      | Reached XP level 9. HP: 51/55 MP: 9/9
  5703 | D:6      | Reached skill level 8 in Maces & Flails
  5738 | D:6      | Found a bloodstained altar of Trog.
  5966 | D:7      | Found a staircase to the Ecumenical Temple.
  6058 | Temple   | Entered the Ecumenical Temple
  6075 | Temple   | Became a worshipper of Qazlal Stormbringer
  6275 | D:7      | Noticed Prince Ribbit
  7047 | D:8      | Noticed Harold
  7048 | D:8      | Noticed Grum
  7073 | D:8      | Found a sparkling altar of Nemelex Xobeh.
  7135 | D:7      | Reached skill level 9 in Maces & Flails
  7236 | D:7      | Killed Prince Ribbit
  7514 | D:7      | Killed Harold
  7514 | D:7      | Reached XP level 10. HP: 48/63 MP: 10/10
  7642 | D:7      | Killed Grum
  7653 | D:8      | Reached * piety under Qazlal
  7791 | D:8      | Found a bloodstained altar of Trog.
  7793 | D:8      | Reached skill level 10 in Maces & Flails
  7926 | D:8      | Noticed Gastronok
  8230 | D:8      | Found an ancient bone altar of Kikubaaqudgha.
  8309 | D:8      | Killed Gastronok
  8795 | D:9      | Reached XP level 11. HP: 65/69 MP: 11/11
  8916 | D:9      | Reached skill level 11 in Maces & Flails
  8927 | D:9      | Reached ** piety under Qazlal
  9809 | D:10     | Entered Level 10 of the Dungeon
 10055 | D:10     | Found a staircase to the Orcish Mines.
 10095 | D:10     | Reached *** piety under Qazlal
 10370 | D:10     | Got a jewelled rapier
 10371 | D:10     | Identified the +10 rapier "Ewnukei" {venom, rPois MR+} (You
                  | found it on level 10 of the Dungeon)
 10847 | D:11     | Found a staircase to the Lair.
 10996 | D:11     | Noticed a brown ugly thing
 11011 | D:11     | Killed a brown ugly thing
 11020 | D:11     | Noticed Erolcha
 11022 | D:11     | Found Zeosas's Antique Armour Shoppe.
 11026 | D:11     | Cast into level 1 of the Abyss (Erolcha)
 11137 | Abyss:1  | Noticed a revenant
 11156 | Abyss:1  | Noticed a starcursed mass
 11165 | Abyss:1  | Noticed a starcursed mass
 11194 | Abyss:1  | Noticed a sixfirhy
 11195 | Abyss:1  | Killed from afar by a starcursed mass

Skill      XL: |  1  2  3  4  5  6  7  8  9 10 11 |
---------------+----------------------------------+-----
Maces & Flails | 3 4 5 6 7 9 10 11 | 11.8
Fighting       | 4 5 6 7 8 9 |  9.3
Armour         | 4 5 6 7 8 9 |  9.4
Shields        | 4 5 6 7 8 9 |  9.3

Action                   |  1- 3 |  4- 6 |  7- 9 | 10-12 || total
-------------------------+-------+-------+-------+-------++-------
Melee: Flail             |    15 |       |   128 |   470 ||   613
       Whip              |   148 |   577 |   471 |       ||  1196
  Use: Scroll            |     5 |     7 |     7 |     2 ||    21
       Potion            |     1 |       |     2 |       ||     3
  Eat: Chunk             |     2 |     8 |    12 |    12 ||    34
       Ration            |       |       |     1 |       ||     1
Armor: Scale mail        |    66 |    75 |       |       ||   141
       Chain mail        |       |   150 |   225 |       ||   375
       Plate armour      |       |       |   140 |   238 ||   378
Dodge: Dodged            |    31 |    40 |    59 |    37 ||   167
Block: Shield            |    27 |       |       |       ||    27
       Large shield      |   106 |   448 |   602 |   515 ||  1671
